 Dungeon Crawl Stone Soup version 0.26.0-45-g9c1d065592 (webtiles) character file.

Game seed: 3869033068654682345

1053 Majorwet the Cudgeller (level 8, -2/51 HPs)
             Began as a Gargoyle Fighter on Jan 29, 2021.
             Splashed by Ijyb's acid (11 damage)
             ... on level 5 of the Dungeon.
             The game lasted 00:08:36 (4662 turns).

Majorwet the Cudgeller (Gargoyle Fighter)           Turns: 4662, Time: 00:08:37

Health: -2/51      AC:  5    Str: 22    XL:     8   Next: 26%
Magic:  8/8        EV:  8    Int:  9    God:
Gold:   245        SH: 10    Dex:  9    Spells: 7/7 levels left

rFire    . . .     SeeInvis .   a - +0 flail
rCold    . . .     Faith    .   c - +0 kite shield
rNeg     + + .     Spirit   .   b - +0 scale mail
rPois    ∞         Reflect  .   (no helmet)
rElec    +         Harm     .   (no cloak)
rCorr    .         Rampage  .   (no gloves)
Will     .....                  (no boots)
Stlth    ..........             (no amulet)
HPRegen  0.17/turn              e - ring of positive energy
MPRegen  0.11/turn              (no ring)

@: corroded
A: negative energy resistance 1, electricity resistance, unbreathing,
petrification resistance, miasma immunity, AC +5
a: no special abilities


You were on level 5 of the Dungeon.
You visited 1 branch of the dungeon, and saw 5 of its levels.

You collected 245 gold pieces.

Inventory:

Hand Weapons
 a - a +0 flail (weapon)
Armour
 b - a +0 scale mail (worn)
 c - a +0 kite shield (worn)
Jewellery
 e - a ring of positive energy (left hand)
Wands
 t - a wand of disintegration (6)
Scrolls
 f - a scroll of magic mapping {unknown}
 g - 3 scrolls of remove curse {unknown}
 i - 2 scrolls of identify
 j - 2 scrolls of enchant armour
 l - 2 scrolls of noise {unknown}
 m - 2 scrolls of immolation {unknown}
 o - 2 scrolls of teleportation
 q - a scroll of enchant weapon {unknown}
 s - 2 scrolls of amnesia {unknown}
 u - a scroll of holy word {unknown}
Potions
 d - a potion of might
 h - a potion of brilliance
 k - a potion of invisibility {unknown}
 n - a potion of attraction {unknown}
 p - a potion of flight {unknown}
 r - a potion of mutation {unknown}


   Skills:
 * Level 5.8 Fighting
 + Level 6.1 Maces & Flails
 + Level 5.4 Armour
 - Level 0.3 Dodging
 + Level 5.6 Shields


You had 7 spell levels left.
You didn't know any spells.
Your spell library was empty.

Dungeon Overview and Level Annotations

Branches:
Dungeon (5/15)
 Temple: D:4-7

Altars:
Nemelex Xobeh
Sif Muna

Annotations:
D:5 Ijyb


Innate Abilities, Weirdness & Mutations

You are resistant to torment.
Your stone body is resilient. (AC +5)
You are immune to poison.
You resist negative energy. (rN+)
You are resistant to electric shocks. (rElec)
You can survive without breathing.
You are immune to petrification.
You are immune to miasma.


Message History

Found a hand crossbow.
Found 12 stones.
Ijyb the Twisted Goblin comes into view.
She is wielding a +0 club and carrying a wand of acid (8).
Ijyb shouts!
You see here 8 gold pieces.
You closely miss Ijyb. You block Ijyb's attack.
You barely miss Ijyb. You block Ijyb's attack.
You hit Ijyb.
Ijyb is lightly wounded.
Ijyb zaps a wand.
The bolt of acid hits you! The acid corrodes you!
You are splashed with acid!
You hit Ijyb but do no damage.
Ijyb is lightly wounded.
You block Ijyb's attack.
You hit Ijyb but do no damage.
Ijyb is lightly wounded.
Ijyb zaps a wand.
The bolt of acid hits you!
* * * LOW HITPOINT WARNING * * *
The acid corrodes you!
You are splashed with acid!
You die...

..........#...........
............)...##.##.#.
......................#.
...............#.######.
#.....$.(..#.##.# ##
###........#..##.# #
#...#........###>## #
#......g...### #.(#
.......@...# ##.#
..##..#.....#####.######
.... ####..............
#### ##...........#.
###.........#.
#.......>.##
#.........##
#.........##
#.........##


You could see Ijyb.

Vanquished Creatures
  Sigmund (D:4)
  2 ogres (D:4)
  2 elf zombies (D:4)
  2 elf skeletons (D:4)
  A scorpion (D:4)
  A howler monkey (D:3)
  2 hounds (D:4)
  A centaur skeleton (D:4)
  An orc priest (D:3)
  An orc wizard (D:3)
  Jessica (D:2)
  A worker ant (D:3)
  8 adders
  6 worms
  A dart slug (D:2)
  4 leopard geckos
  8 orcs
  A ball python (D:3)
  A bat (D:1)
  5 giant cockroaches
  10 goblins
  6 hobgoblins
  7 jackals
  2 quokkas
  3 frilled lizards (D:3)
  9 kobolds
  An orc skeleton (D:4)
  An orc zombie (D:4)
  15 rats
104 creatures vanquished.

Vanquished Creatures (others)
  5 plants (D:4)
5 creatures vanquished.

Grand Total: 109 creatures vanquished

Notes
Turn   | Place    | Note
-------+----------+-------------------------------------------
     0 | D:1      | Majorwet the Gargoyle Fighter began the quest for the Orb.
     0 | D:1      | Reached XP level 1. HP: 14/14 MP: 1/1
   265 | D:1      | Reached XP level 2. HP: 19/19 MP: 2/2
  1004 | D:1      | Reached XP level 3. HP: 24/24 MP: 3/3
  1406 | D:2      | Found a sparkling altar of Nemelex Xobeh.
  1493 | D:2      | Reached XP level 4. HP: 26/29 MP: 4/4
  1747 | D:2      | Found a shimmering blue altar of Sif Muna.
  1747 | D:2      | Noticed Jessica
  1772 | D:2      | Killed Jessica
  1773 | D:2      | Reached skill level 3 in Maces & Flails
  1864 | D:2      | Reached XP level 5. HP: 31/33 MP: 5/5
  2378 | D:3      | Reached XP level 6. HP: 31/39 MP: 6/6
  2824 | D:4      | Reached skill level 4 in Maces & Flails
  3135 | D:4      | Reached skill level 5 in Shields
  3135 | D:4      | Reached XP level 7. HP: 9/44 MP: 7/7
  3394 | D:4      | Reached skill level 5 in Fighting
  3457 | D:4      | Reached skill level 5 in Maces & Flails
  3457 | D:4      | Reached skill level 5 in Armour
  3735 | D:4      | Noticed Sigmund
  3749 | D:4      | Killed Sigmund
  3750 | D:4      | Reached XP level 8. HP: 36/51 MP: 8/8
  3921 | D:4      | Reached skill level 6 in Maces & Flails
  4568 | D:5      | Entered Level 5 of the Dungeon
  4654 | D:5      | Noticed Ijyb
  4662 | D:5      | Splashed by Ijyb's acid

Illustrated notes

Levels and vault maps discovered:
D:1:      heliophobic_arrival_glass_houses, layout_basic
D:2:      layout_rooms, lemuel_crystal_altar, old_standard_altar,
          interstate_on_off, minmay_tripent, uniq_jessica
D:3:      layout_rooms, minmay_diced_spiral
D:4:      layout_cave_pods, nicolae_ossuary_entry_catacombs,
          serial_bayou_crossing, uniq_sigmund
D:5:      layout_rooms, nicolae_overflow_crystal_walls, uniq_ijyb

Skill      XL: |  1  2  3  4  5  6  7  8 |
---------------+-------------------------+-----
Shields        | 4 5 |  5.6
Fighting       | 4 5 |  5.8
Maces & Flails | 3 4 5 6 |  6.1
Armour         | 4 5 |  5.4
Dodging        | |  0.3

Action                   |  1- 3 |  4- 6 |  7- 9 || total
-------------------------+-------+-------+-------++-------
Melee: Flail             |   140 |   187 |   130 ||   457
  Use: Scroll            |       |       |     3 ||     3
Armor: Scale mail        |    75 |   124 |    46 ||   245
Dodge: Dodged            |    40 |    70 |    15 ||   125
Block: Kite shield       |    96 |   124 |    43 ||   263
